 Dungeon Crawl Stone Soup version 0.28-a0-1510-gd0f6b136d3 (webtiles) character file.

Game seed: 1811208779034563572

84926 sanka the Thrower (level 15, -5/101 (105) HPs)
             Began as a Gnoll Wanderer on Jan 14, 2022.
             Was the Champion of Ru.
             Slain by an ice dragon (8 damage)
             ... on level 13 of the Dungeon.
             The game lasted 01:36:51 (37619 turns).

sanka the Thrower (Gnoll Wanderer)                 Turns: 37619, Time: 01:36:52

HP:   -5/101 (105)  AC: 21    Str: 12    XL:     15   Next: 82%
MP:   25/29         EV: 14    Int: 17    God:    Ru [******]
Gold: 1799          SH:  6    Dex: 11    Spells: 7/35 levels left

rFire   . . .      SeeInvis .   a - +5 demon whip (freeze)
rCold   . . .      Faith    .   o - +0 buckler
rNeg    . . .      Spirit   .   w - +0 acid dragon scales
rPois   .          Reflect  .   j - +0 helmet
rElec   .          Harm     .   y - scarf {rC+ rF+}
rCorr   +          Rampage  .   B - +2 pair of gloves {Stlth+}
Will    +....      Rage     3%  N - +0 pair of boots
Stlth   +++++..... Rnd*Tele +   C - amulet of regeneration
HPRegen 1.06/turn               m - +4 ring of protection
MPRegen 0.21/turn               k - +4 ring of protection

@: lightly drained
A: fangs 1, frail 1, inability to use devices, hated by all, temperature
sensitive, strong nose, distributed training, dopey 1, shaggy fur 1, MP-powered
wands, [berserk 2], [deformed body], [teleportitis 2]
a: Renounce Religion, Draw Out Power, Power Leap, Apocalypse


You were on level 13 of the Dungeon.
You worshipped Ru.
Ru was exalted by your worship.
You visited 3 branches of the dungeon, and saw 22 of its levels.
You visited the Abyss 1 time.
You also visited: Gauntlet and Ice Cave.

You collected 2474 gold pieces.
You spent 675 gold pieces at shops.


Innate Abilities, Weirdness & Mutations

You have very sharp teeth.
You are frail. (-10% HP)
You cannot study or use magical devices.
You are hated by all.
You are sensitive to extremes of temperature. (rF-, rC-)
Your uncanny sense of smell can sniff out nearby items.
Your experience applies equally to all skills.
You are dopey. (Int -2)
You are covered in fur. (AC +1)
You expend magic power (3 MP) to strengthen your wands.
[You often lose your temper in combat.]
[Armour fits poorly on your strangely shaped body.]
[You are sometimes teleported next to monsters.]


   Skills:
 + Level 10.4 Fighting
 + Level 11.3 Short Blades
 + Level 10.4 Long Blades
 + Level 10.4 Axes
 + Level 10.4 Maces & Flails
 + Level 10.4 Polearms
 + Level 10.4 Staves
 + Level 10.4 Slings
 + Level 10.4 Bows
 + Level 10.4 Crossbows
 + Level 11.3 Throwing
 + Level 10.7 Armour
 + Level 10.4 Dodging
 + Level 10.4 Stealth
 + Level 10.4 Shields
 + Level 10.4 Unarmed Combat
 + Level 10.8 Spellcasting
 + Level 8.7 Conjurations
 + Level 8.7 Hexes
   Level 0.0 Summonings
 + Level 8.7 Necromancy
 + Level 8.7 Translocations
 + Level 8.7 Transmutations
 + Level 10.3 Fire Magic
 + Level 8.7 Ice Magic
 + Level 8.7 Air Magic
 + Level 8.7 Earth Magic
 + Level 8.7 Poison Magic
 + Level 11.3 Invocations
   Level 0.0 Evocations


You had 7 spell levels left.
You knew the following spells:

 Your Spells              Type           Power      Damage    Failure   Level
a - Ozocubu's Armour      Ice            38%        N/A       1%          3
c - Petrify               Tmut/Erth      38%        N/A       3%          4
i - Flame Wave            Conj/Fire      41%        2d8       2%          4
o - Manifold Assault      Tloc           38%        N/A       10%         5
u - Wereblood             Tmut           38%        N/A       1%          2
x - Blade Hands           Tmut           19%        N/A       10%         5
y - Foxfire               Conj/Fire      100%       2x1d9     1%          1
z - Sticky Flame          Conj/Fire      41%        2d6       2%          4

Your spell library contained the following spells:

 Spells                   Type           Power      Damage    Failure   Level
 Beastly Appendage        Tmut           76%        N/A       1%          1
 Freeze                   Ice            100%       1d11      1%          1
 Scorch                   Fire           88%        2d9       1%          2
 Sublimation of Blood     Necr           38%        N/A       1%          2
 Conjure Flame            Conj/Fire      41%        6-21      1%          3
 Ignite Poison            Fire/Tmut/Pois 40%        N/A       1%          3
 Spider Form              Tmut/Pois      38%        N/A       1%          3
 Anguish                  Hex/Necr       19%        N/A       3%          4
 Leda's Liquefaction      Hex/Erth       19%        N/A       3%          4
 Passage of Golubria      Tloc           38%        N/A       3%          4
 Borgnjor's Vile Clutch   Necr/Erth      19%        N/A       10%         5
 Irradiate                Conj/Tmut      19%        3d19      10%         5
 Metabolic Englaciation   Hex/Ice        19%        N/A       10%         5
 Yara's Violent Unravell  Hex/Tmut       19%        3d9       10%         5
 Dragon Form              Tmut           19%        N/A       97%         7
 Enfeeble                 Hex            19%        N/A       97%         7
 Ozocubu's Refrigeration  Ice            19%        4d8       97%         7
 Tukima's Dance           Hex            Unusable   N/A       N/A         3
 Animate Dead             Necr           Unusable   N/A       N/A         4
 Summon Ice Beast         Ice/Summ       Unusable   N/A       N/A         4
 Death Channel            Necr           Unusable   N/A       N/A         6
 Simulacrum               Ice/Necr       Unusable   N/A       N/A         6
 Summon Hydra             Summ           Unusable   N/A       N/A         7

Inventory:

Hand Weapons
 a - a +5 demon whip of freezing (weapon)
 b - a +0 dagger
Missiles
 c - 26 poisoned darts
 p - 3 throwing nets {=f}
 s - 8 silver javelins
 t - a curare-tipped dart {=f}
Armour
 j - a +0 helmet (worn)
 l - a +1 leather armour of resistance
 o - a +0 buckler (worn)
 w - +0 acid dragon scales (worn)
 y - a scarf of resistance (worn)
 B - a +2 pair of gloves of stealth (worn)
 N - a +0 pair of boots (worn)
Magical Staves
 x - a staff of cold
Jewellery
 e - a ring of see invisible
 h - the ring "Zoloych" {rElec rPois Will+ Str+6}

   [ring of strength]

   Str:       It affects your strength (+6).
   rElec:     It insulates you from electricity.
   rPois:     It protects you from poison.
   Will:      It increases your willpower.
 i - a ring of wizardry
 k - a +4 ring of protection (right hand)
 m - a +4 ring of protection (left hand)
 q - a ring of protection from fire
 C - an amulet of regeneration (around neck)
 D - a ring of ice
 F - a ring of willpower
 P - a ring of resist corrosion
Scrolls
 f - 5 scrolls of fear
 n - 11 scrolls of teleportation {@r4}
 v - 2 scrolls of fog
 A - a scroll of torment {!r}
 H - 3 scrolls of blinking
 K - a scroll of amnesia
 M - 2 scrolls of holy word
 O - 3 scrolls of magic mapping
 W - 6 scrolls of enchant armour
 X - 2 scrolls of vulnerability {!r}
Potions
 d - 3 potions of attraction {!q}
 g - 2 potions of curing {@q1}
 r - a potion of resistance {unknown}
 u - 2 potions of ambrosia {unknown}
 z - 3 potions of haste {@q3}
 E - a potion of invisibility {unknown}
 G - a potion of might
 I - 3 potions of brilliance
 J - a potion of cancellation
 Q - a potion of lignification {unknown}
 R - 4 potions of mutation {!q}
 U - 2 potions of magic
 Z - 2 potions of flight {unknown}

Dungeon Overview and Level Annotations

Branches:
Dungeon (14/15)            Temple (0/1) D:4            Lair (6/6) D:8
 Shoals (0/4) Lair:2       Spider (0/4) Lair:3        Slime (0/5) Lair:5
    Orc (2/2) D:10            Elf (0/3) Orc:2         IceCv (visited)
Gauntlet (visited)
 Vaults: D:13-14

Altars:
Gozag
Makhleb
Nemelex Xobeh
Qazlal
Ru
Vehumet
The Shining One

Shops:
D:6 *   D:9 (   D:12 =   Orc:2 :?*!(

Annotations:
D:9 exclusion: orange crystal statue
Lair:6 1 runed translucent door, Xeshruir's ghost, journeyman GrCK

....▒▒▒▒..................>......
....▒▒▒..........................
.....▒...........................
..........................▒▒▒....
.......>.....▒▒..........▒▒.▒....
........(...▒▒▒▒▒........▒......▒
..............▒▒.................
..........[....▒▒[▒▒...▒.▒.......
................g.▒...▒▒▒▒▒......
................[D..▒..▒▒▒▒▒.....
...........▒▒▒▒.▒.▒▒▒▒.)▒........
............▒▒▒.▒▒▒▒..[..........
.............▒▒.▒ ▒▒..▒▒...▒....▒
............▒▒▒.▒ ▒.[............
.............▒▒.▒▒▒▒.............
....<............▒▒.......▒▒...<.
................▒▒......▒▒▒▒▒....


You could see an ice dragon (burning, catching breath).


Message History

The ice dragon is lightly wounded.
The ice dragon is covered in liquid flames!
The ice dragon burns!
The ice dragon barely misses you. The ice dragon misses you.
The ice dragon tramples you but does no damage.
Unknown command.
You whack the ice dragon!
You bite the ice dragon, but do no damage.
The ice dragon is moderately wounded.
The ice dragon burns!
You hit the ice dragon.
The ice dragon is moderately wounded.
The ice dragon burns!
The ice dragon bites you but does no damage.
The ice dragon misses you. The ice dragon misses you.
You hit the ice dragon but do no damage.
The ice dragon is heavily wounded.
You hit the ice dragon but do no damage.
The ice dragon is heavily wounded.
The ice dragon burns!
The ice dragon breathes frost at you. The blast of cold hits you!!
* * * LOW HITPOINT WARNING * * *
You hit the ice dragon.
The ice dragon is heavily wounded.
The ice dragon burns!
The ice dragon bites you!
You die...

Action                   |  1- 3 |  4- 6 |  7- 9 | 10-12 | 13-15 || total
-------------------------+-------+-------+-------+-------+-------++-------
Melee: Short sword       |    89 |    98 |       |       |       ||   187
       Bite              |    10 |    11 |    31 |    78 |   270 ||   400
       Flail             |       |    10 |       |       |       ||    10
       Punch             |       |     1 |       |    26 |     1 ||    28
       Dire flail        |       |     4 |   329 |   113 |       ||   446
       Demon whip        |       |       |       |   418 |  1428 ||  1846
       Unarmed           |       |       |       |    62 |    34 ||    96
       Dagger            |       |       |       |       |     2 ||     2
Throw: Dart              |     9 |     8 |    18 |    41 |    20 ||    96
 Cast: Foxfire           |    20 |    69 |    93 |       |     8 ||   190
       Sticky Flame      |       |       |       |    38 |   138 ||   176
       Flame Wave        |       |       |       |    12 |     3 ||    15
       Blade Hands       |       |       |       |       |     2 ||     2
       Manifold Assault  |       |       |       |       |     6 ||     6
Invok: Sacrifice Resista |       |     1 |       |       |       ||     1
       Sacrifice Artific |       |       |     1 |       |       ||     1
       Sacrifice Health  |       |       |     1 |       |       ||     1
       Sacrifice Love    |       |       |       |     1 |       ||     1
       Apocalypse        |       |       |       |     1 |     1 ||     2
  Use: Scroll            |       |       |       |    17 |     8 ||    25
       Potion            |       |       |       |     6 |     6 ||    12
 Stab: Paralysed         |       |     1 |     4 |     7 |    20 ||    32
       Sleeping          |       |       |     2 |     9 |    16 ||    27
       Distracted        |       |       |     3 |     4 |     8 ||    15
       Invisible         |       |       |       |     3 |    10 ||    13
       Petrified         |       |       |       |       |     2 ||     2
Armor: Leather armour    |    24 |    41 |       |       |   113 ||   178
       Robe              |       |     1 |    26 |       |       ||    27
       Scale mail        |       |       |   189 |       |       ||   189
       Steam dragon scal |       |       |     7 |   262 |   240 ||   509
       Acid dragon scale |       |       |       |       |   122 ||   122
Dodge: Dodged            |    50 |    60 |   157 |   446 |   814 ||  1527
Block: Buckler           |       |       |       |    24 |   322 ||   346

Levels and vault maps discovered:
D:1:      moated_graveyard_arrival, layout_loops_corners,
          chequers_serial_rivers_room_a, minmay_stone_trees_small
D:2:      layout_rooms
D:3:      layout_loops_ring, nicolae_ru_great_annihilating_truth,
          makhleb_altar_promises_db, chequers_ecumenical_altar_simple_redux,
          uniq_natasha, uniq_robin
D:4:      layout_cave_pods, minmay_temple_entry_overgrown, uniq_edmund
D:5:      layout_cave_pools, mainiacjoe_overflow_surrounded_room
D:6:      layout_loops_ring, mainiacjoe_overflow_catwalk_spiral,
          nicolae_good_shop
D:7:      layout_basic, nemelex_dance_club_becter
D:8:      layout_loops_ring, erik_lair_dragon
D:9:      layout_basic, serial_shops, nicolae_shop_bloodbath_and_beyond,
          minmay_statue_bubble
D:10:     layout_rooms, orc_0_dummy
D:11:     layout_gridville
D:12:     layout_long_grid, serial_shops, nicolae_shop_statue_plus
D:13:     layout_cave_pools, nicolae_vehumet_radiance
D:14:     minmay_the_grid_square_5x5_5x5_mashed
          [minmay_the_grid_square_5x5_beaten_path,
          minmay_the_grid_square_5x5_tetrominoes,
          minmay_the_grid_square_5x5_one_wall, minmay_the_grid_square_5x5_eight,
          minmay_the_grid_square_5x5_bite, minmay_the_grid_square_5x5_three,
          minmay_the_grid_square_5x5_prize_monsterx,
          minmay_the_grid_square_5x5_v, minmay_the_grid_square_5x5_prize_waves,
          minmay_the_grid_square_5x5_minivault,
          minmay_the_grid_square_5x5_tri_point,
          minmay_the_grid_square_5x5_hourglass,
          minmay_the_grid_square_5x5_prize_open,
          minmay_the_grid_square_5x5_inner_v,
          minmay_the_grid_square_5x5_three_small,
          minmay_the_grid_square_5x5_moneybag,
          minmay_the_grid_square_5x5_prize_deathbox,
          minmay_the_grid_square_5x5_trominoes,
          minmay_the_grid_square_5x5_prize_snowflake,
          minmay_the_grid_square_5x5_three_walls,
          minmay_the_grid_square_5x5_inner_z, minmay_the_grid_square_5x5_bridge,
          minmay_the_grid_square_5x5_two_small,
          minmay_the_grid_square_5x5_slash,
          minmay_the_grid_square_5x5_almost_minimal], layout_basic,
          erik_vaults_2, minmay_quadrilaterals, uniq_azrael
Lair:1:   layout_regular_city, serial_bayou_pond_b, grunt_megastairs_5
Lair:2:   layout_hall_layers, elwin_shoals_entry_rooms, beast_lair_carwin_3
Lair:3:   layout_gridlike, spider_nest_entry_rubble, gauntlet_entry_generic,
          beast_lair_carwin_5
Lair:4:   dragon1_lemuel, layout_small_grid, beast_lair_carwin_9,
          serial_bayou_shore_a, uniq_urug
Lair:5:   layout_cave_pods, dpeg_slime_entry_corner, serial_bayou_shore_b
Lair:6:   wormcave, layout_regular_city, hangedman_lair_in_review,
          ebering_ghost_reflecting_pool, serial_bayou_lake_a
Orc:1:    layout_caves, portal_ice_cave_rime, uniq_josephine
Orc:2:    st_orc_elflike, layout_caves, serial_shops, nicolae_square_shop

Notes
Turn   | Place    | Note
-------+----------+-------------------------------------------
     0 | D:1      | sanka the Gnoll Wanderer began the quest for the Orb.
     0 | D:1      | sanka set off with the following items: a +0 short sword,
                  | 15 poisoned darts, a +0 dagger, a +0 leather armour; and
                  | the following spell memorised: Foxfire; and the following
                  | spells available to memorise: Ignite Poison, Flame Wave
     0 | D:1      | Reached XP level 1. HP: 13/13 MP: 4/4
    41 | D:1      | Reached XP level 2. HP: 19/19 MP: 2/5
  1014 | D:1      | Reached XP level 3. HP: 17/25 MP: 7/7
  1594 | D:2      | Got the Volume of Enchantment
  1621 | D:2      | Reached skill level 1 in Invocations
  1695 | D:2      | Reached skill level 1 in Fighting
  1695 | D:2      | Reached skill level 1 in Long Blades
  1695 | D:2      | Reached skill level 1 in Axes
  1695 | D:2      | Reached skill level 1 in Maces & Flails
  1695 | D:2      | Reached skill level 1 in Polearms
  1695 | D:2      | Reached skill level 1 in Staves
  1695 | D:2      | Reached skill level 1 in Slings
  1695 | D:2      | Reached skill level 1 in Bows
  1695 | D:2      | Reached skill level 1 in Crossbows
  1695 | D:2      | Reached skill level 1 in Dodging
  1695 | D:2      | Reached skill level 1 in Stealth
  1695 | D:2      | Reached skill level 1 in Shields
  1695 | D:2      | Reached skill level 1 in Unarmed Combat
  1958 | D:2      | Reached skill level 3 in Spellcasting
  1958 | D:2      | Reached XP level 4. HP: 6/32 MP: 0/8
  2669 | D:3      | Noticed Robin
  2673 | D:3      | Killed Robin
  2674 | D:3      | Reached skill level 1 in Conjurations
  2674 | D:3      | Reached skill level 1 in Hexes
  2674 | D:3      | Reached skill level 1 in Summonings
  2674 | D:3      | Reached skill level 1 in Necromancy
  2674 | D:3      | Reached skill level 1 in Translocations
  2674 | D:3      | Reached skill level 1 in Transmutations
  2674 | D:3      | Reached skill level 1 in Ice Magic
  2674 | D:3      | Reached skill level 1 in Air Magic
  2674 | D:3      | Reached skill level 1 in Earth Magic
  2674 | D:3      | Reached skill level 1 in Poison Magic
  2865 | D:3      | Found a faded altar of an unknown god.
  2988 | D:3      | Found a sacrificial altar of Ru.
  2992 | D:3      | Reached XP level 5. HP: 37/37 MP: 9/9
  3021 | D:3      | Became a worshipper of Ru the Awakened
  3746 | D:3      | Noticed Natasha
  3762 | D:3      | Killed Natasha
  3763 | D:3      | Reached skill level 3 in Armour
  3763 | D:3      | Reached skill level 3 in Evocations
  3880 | D:3      | Found a burning altar of Makhleb.
  3880 | D:3      | Noticed an Executioner
  3883 | D:3      | Noticed a neqoxec
  3883 | D:3      | Noticed an orange demon
  4151 | D:4      | Gained mutation: You are sensitive to extremes of
                  | temperature. (rF-, rC-) [Ru sacrifice]
  4151 | D:4      | Reached * piety under Ru
  4151 | D:4      | Reached ** piety under Ru
  4196 | D:4      | Found a staircase to the Ecumenical Temple.
  4198 | D:4      | Noticed an ogre
  4208 | D:4      | Killed an ogre
  4209 | D:4      | Reached skill level 2 in Invocations
  4209 | D:4      | Reached XP level 6. HP: 27/44 MP: 2/11
  4887 | D:4      | Noticed Edmund
  4909 | D:4      | Killed Edmund
  4910 | D:4      | Reached skill level 2 in Fighting
  4910 | D:4      | Reached skill level 5 in Short Blades
  4910 | D:4      | Reached skill level 2 in Long Blades
  4910 | D:4      | Reached skill level 2 in Axes
  4910 | D:4      | Reached skill level 2 in Maces & Flails
  4910 | D:4      | Reached skill level 2 in Polearms
  4910 | D:4      | Reached skill level 2 in Staves
  4910 | D:4      | Reached skill level 2 in Slings
  4910 | D:4      | Reached skill level 2 in Bows
  4910 | D:4      | Reached skill level 2 in Crossbows
  4910 | D:4      | Reached skill level 5 in Throwing
  4910 | D:4      | Reached skill level 2 in Dodging
  4910 | D:4      | Reached skill level 2 in Stealth
  4910 | D:4      | Reached skill level 2 in Shields
  4910 | D:4      | Reached skill level 2 in Unarmed Combat
  5216 | D:5      | Entered Level 5 of the Dungeon
  5388 | D:5      | Reached XP level 7. HP: 49/50 MP: 6/12
  5670 | D:5      | Reached skill level 2 in Conjurations
  5670 | D:5      | Reached skill level 2 in Hexes
  5670 | D:5      | Reached skill level 2 in Summonings
  5670 | D:5      | Reached skill level 2 in Necromancy
  5670 | D:5      | Reached skill level 2 in Translocations
  5670 | D:5      | Reached skill level 2 in Transmutations
  5670 | D:5      | Reached skill level 2 in Ice Magic
  5670 | D:5      | Reached skill level 2 in Air Magic
  5670 | D:5      | Reached skill level 2 in Earth Magic
  5670 | D:5      | Reached skill level 2 in Poison Magic
  6215 | D:5      | Found an opulent altar of Gozag.
  6368 | D:6      | Reached skill level 4 in Spellcasting
  6368 | D:6      | Reached skill level 3 in Invocations
  6406 | D:6      | Reached skill level 6 in Fire Magic
  6406 | D:6      | Reached XP level 8. HP: 57/57 MP: 9/14
  6414 | D:6      | Reached skill level 3 in Fighting
  6414 | D:6      | Reached skill level 3 in Long Blades
  6414 | D:6      | Reached skill level 3 in Axes
  6414 | D:6      | Reached skill level 3 in Maces & Flails
  6414 | D:6      | Reached skill level 3 in Polearms
  6414 | D:6      | Reached skill level 3 in Staves
  6414 | D:6      | Reached skill level 3 in Slings
  6414 | D:6      | Reached skill level 3 in Bows
  6414 | D:6      | Reached skill level 3 in Crossbows
  6414 | D:6      | Reached skill level 4 in Armour
  6414 | D:6      | Reached skill level 3 in Dodging
  6414 | D:6      | Reached skill level 3 in Stealth
  6414 | D:6      | Reached skill level 3 in Shields
  6414 | D:6      | Reached skill level 3 in Unarmed Combat
  6414 | D:6      | Reached skill level 4 in Evocations
  6570 | D:6      | Found a glowing golden altar of the Shining One.
  6572 | D:6      | Found a stormy altar of Qazlal.
  6723 | D:6      | Found Jickozece's Hallowed Reliquary.
  6723 | D:6      | Noticed an angel
  7401 | D:6      | Got Soqatego's Disquisition on Congealing Flames
  7573 | D:6      | Gained mutation: You cannot study or use magical devices.
                  | [Ru sacrifice]
  7573 | D:6      | Reduced skill Evocations to level 0
  7573 | D:6      | Reached *** piety under Ru
  7573 | D:6      | Reached **** piety under Ru
  7749 | D:7      | Reached skill level 4 in Invocations
  7763 | D:7      | Reached skill level 3 in Conjurations
  7763 | D:7      | Reached skill level 3 in Hexes
  7763 | D:7      | Reached skill level 3 in Summonings
  7763 | D:7      | Reached skill level 3 in Necromancy
  7763 | D:7      | Reached skill level 3 in Translocations
  7763 | D:7      | Reached skill level 3 in Transmutations
  7763 | D:7      | Reached skill level 3 in Ice Magic
  7763 | D:7      | Reached skill level 3 in Air Magic
  7763 | D:7      | Reached skill level 3 in Earth Magic
  7763 | D:7      | Reached skill level 3 in Poison Magic
  7985 | D:7      | Reached skill level 6 in Short Blades
  7985 | D:7      | Reached skill level 6 in Throwing
  8059 | D:7      | Reached XP level 9. HP: 57/65 MP: 16/16
  8216 | D:8      | Reached skill level 4 in Fighting
  8216 | D:8      | Reached skill level 4 in Long Blades
  8216 | D:8      | Reached skill level 4 in Axes
  8216 | D:8      | Reached skill level 4 in Maces & Flails
  8216 | D:8      | Reached skill level 4 in Polearms
  8216 | D:8      | Reached skill level 4 in Staves
  8216 | D:8      | Reached skill level 4 in Slings
  8216 | D:8      | Reached skill level 4 in Bows
  8216 | D:8      | Reached skill level 4 in Crossbows
  8216 | D:8      | Reached skill level 4 in Dodging
  8216 | D:8      | Reached skill level 4 in Stealth
  8216 | D:8      | Reached skill level 4 in Shields
  8216 | D:8      | Reached skill level 4 in Unarmed Combat
  8504 | D:8      | Reached skill level 5 in Spellcasting
  8568 | D:8      | Noticed a troll
  8588 | D:8      | Killed a troll
  8589 | D:8      | Reached skill level 5 in Armour
  8839 | D:7      | Learned a level 2 spell: Wereblood
  8915 | D:7      | Reached skill level 5 in Invocations
  8953 | D:7      | Found a sparkling altar of Nemelex Xobeh.
  9248 | D:7      | Gained mutation: You are frail. (-10% HP) [Ru sacrifice]
  9248 | D:7      | Reached ***** piety under Ru
  9539 | D:8      | Identified +0 steam dragon scales
  9702 | D:8      | Learned a level 4 spell: Flame Wave
  9707 | D:8      | Learned a level 4 spell: Sticky Flame
  9711 | D:8      | Learned a level 3 spell: Ozocubu's Armour
 10093 | D:8      | Reached skill level 4 in Conjurations
 10093 | D:8      | Reached skill level 4 in Hexes
 10093 | D:8      | Reached skill level 4 in Summonings
 10093 | D:8      | Reached skill level 4 in Necromancy
 10093 | D:8      | Reached skill level 4 in Translocations
 10093 | D:8      | Reached skill level 4 in Transmutations
 10093 | D:8      | Reached skill level 4 in Ice Magic
 10093 | D:8      | Reached skill level 4 in Air Magic
 10093 | D:8      | Reached skill level 4 in Earth Magic
 10093 | D:8      | Reached skill level 4 in Poison Magic
 10093 | D:8      | Reached XP level 10. HP: 54/65 MP: 18/18
 10290 | D:8      | Reached skill level 5 in Fighting
 10290 | D:8      | Reached skill level 5 in Long Blades
 10290 | D:8      | Reached skill level 5 in Axes
 10290 | D:8      | Reached skill level 5 in Maces & Flails
 10290 | D:8      | Reached skill level 5 in Polearms
 10290 | D:8      | Reached skill level 5 in Staves
 10290 | D:8      | Reached skill level 5 in Slings
 10290 | D:8      | Reached skill level 5 in Bows
 10290 | D:8      | Reached skill level 5 in Crossbows
 10290 | D:8      | Reached skill level 5 in Dodging
 10290 | D:8      | Reached skill level 5 in Stealth
 10290 | D:8      | Reached skill level 5 in Shields
 10290 | D:8      | Reached skill level 5 in Unarmed Combat
 10356 | D:8      | Found a staircase to the Lair.
 10480 | D:8      | Reached skill level 7 in Fire Magic
 10693 | D:9      | Reached skill level 7 in Short Blades
 10693 | D:9      | Reached skill level 7 in Throwing
 10712 | D:9      | Noticed a two-headed ogre
 10715 | D:9      | Reached skill level 6 in Spellcasting
 10967 | D:9      | Paralysed by a hornet for 2 turns
 11175 | D:9      | Noticed an orange crystal statue
 11259 | D:9      | Reached skill level 6 in Armour
 11309 | D:9      | Noticed a brown ugly thing
 11321 | D:9      | Killed a brown ugly thing
 11322 | D:9      | Reached skill level 6 in Invocations
 11526 | D:9      | Noticed a two-headed ogre
 11537 | D:9      | Killed a two-headed ogre
 11660 | D:9      | Killed a two-headed ogre
 11750 | D:9      | Found Muzemnen's Weapon Boutique.
 11894 | D:9      | Gained mutation: You are hated by all. [Ru sacrifice]
 11894 | D:9      | Reduced skill Summonings to level 0
 11894 | D:9      | Reached ****** piety under Ru
 12022 | D:10     | Entered Level 10 of the Dungeon
 12110 | D:9      | Reached XP level 11. HP: 72/72 MP: 20/20
 12261 | D:10     | Identified a scroll of acquirement
 12262 | D:10     | Acquired a +5 demon whip of venom
 12417 | D:10     | Found a staircase to the Orcish Mines.
 12528 | D:10     | Reached skill level 6 in Fighting
 12528 | D:10     | Reached skill level 6 in Long Blades
 12528 | D:10     | Reached skill level 6 in Axes
 12528 | D:10     | Reached skill level 6 in Maces & Flails
 12528 | D:10     | Reached skill level 6 in Polearms
 12528 | D:10     | Reached skill level 6 in Staves
 12528 | D:10     | Reached skill level 6 in Slings
 12528 | D:10     | Reached skill level 6 in Bows
 12528 | D:10     | Reached skill level 6 in Crossbows
 12528 | D:10     | Reached skill level 6 in Dodging
 12528 | D:10     | Reached skill level 6 in Stealth
 12528 | D:10     | Reached skill level 6 in Shields
 12528 | D:10     | Reached skill level 6 in Unarmed Combat
 12528 | D:10     | Reached skill level 5 in Conjurations
 12528 | D:10     | Reached skill level 5 in Hexes
 12528 | D:10     | Reached skill level 5 in Necromancy
 12528 | D:10     | Reached skill level 5 in Translocations
 12528 | D:10     | Reached skill level 5 in Transmutations
 12528 | D:10     | Reached skill level 5 in Ice Magic
 12528 | D:10     | Reached skill level 5 in Air Magic
 12528 | D:10     | Reached skill level 5 in Earth Magic
 12528 | D:10     | Reached skill level 5 in Poison Magic
 13573 | D:11     | Noticed a two-headed ogre
 13573 | D:11     | Noticed a green ugly thing
 13595 | D:10     | Killed a two-headed ogre
 13596 | D:10     | Reached skill level 7 in Spellcasting
 13851 | D:11     | Reached skill level 7 in Invocations
 13957 | D:11     | Noticed a two-headed ogre
 13982 | D:11     | Killed a two-headed ogre
 13983 | D:11     | Reached skill level 8 in Short Blades
 13983 | D:11     | Reached skill level 8 in Throwing
 13983 | D:11     | Reached skill level 7 in Armour
 14058 | D:11     | Killed a green ugly thing
 14886 | Lair:1   | Entered Level 1 of the Lair of Beasts
 14991 | Lair:1   | Noticed an eight-headed hydra
 15023 | Lair:1   | Killed an eight-headed hydra
 15163 | Lair:1   | Noticed an eight-headed hydra
 15188 | Lair:1   | Killed an eight-headed hydra
 15335 | Lair:1   | Reached skill level 8 in Fire Magic
 15352 | Lair:1   | Noticed an eight-headed hydra
 15379 | Lair:1   | Reached XP level 12. HP: 69/80 MP: 18/23
 15391 | Lair:1   | Killed an eight-headed hydra
 15567 | Lair:1   | Reached skill level 7 in Fighting
 15567 | Lair:1   | Reached skill level 7 in Long Blades
 15567 | Lair:1   | Reached skill level 7 in Axes
 15567 | Lair:1   | Reached skill level 7 in Maces & Flails
 15567 | Lair:1   | Reached skill level 7 in Polearms
 15567 | Lair:1   | Reached skill level 7 in Staves
 15567 | Lair:1   | Reached skill level 7 in Slings
 15567 | Lair:1   | Reached skill level 7 in Bows
 15567 | Lair:1   | Reached skill level 7 in Crossbows
 15567 | Lair:1   | Reached skill level 7 in Dodging
 15567 | Lair:1   | Reached skill level 7 in Stealth
 15567 | Lair:1   | Reached skill level 7 in Shields
 15567 | Lair:1   | Reached skill level 7 in Unarmed Combat
 16306 | Lair:2   | Reached skill level 6 in Conjurations
 16306 | Lair:2   | Reached skill level 6 in Hexes
 16306 | Lair:2   | Reached skill level 6 in Necromancy
 16306 | Lair:2   | Reached skill level 6 in Translocations
 16306 | Lair:2   | Reached skill level 6 in Transmutations
 16306 | Lair:2   | Reached skill level 6 in Ice Magic
 16306 | Lair:2   | Reached skill level 6 in Air Magic
 16306 | Lair:2   | Reached skill level 6 in Earth Magic
 16306 | Lair:2   | Reached skill level 6 in Poison Magic
 16377 | Lair:2   | Reached skill level 8 in Invocations
 16719 | Lair:2   | Reached skill level 8 in Spellcasting
 16872 | Lair:2   | Reached skill level 8 in Armour
 17428 | Lair:2   | Found a staircase to the Shoals.
 17828 | Lair:3   | Found a gate leading to a gauntlet.
 17846 | Gauntlet | Entered a Gauntlet
 17846 | Gauntlet | Found a transporter.
 17846 | Gauntlet | Found a transporter.
 17850 | Gauntlet | Found a transporter.
 17850 | Gauntlet | Found a transporter.
 17865 | Gauntlet | Found a transporter.
 17870 | Gauntlet | Found a transporter.
 17870 | Gauntlet | Found a transporter.
 17894 | Gauntlet | Found a transporter.
 17901 | Gauntlet | Found a transporter.
 17919 | Gauntlet | Found a transporter.
 17941 | Gauntlet | Found a transporter.
 17963 | Gauntlet | Found a transporter.
 18008 | Gauntlet | Found a transporter.
 18024 | Gauntlet | Found a transporter.
 18124 | Gauntlet | Found a transporter.
 18142 | Gauntlet | Found a transporter.
 18418 | Gauntlet | Reached skill level 9 in Short Blades
 18418 | Gauntlet | Reached skill level 9 in Throwing
 18988 | Gauntlet | Identified a scarf of resistance
 19077 | Gauntlet | Gained mutation: You are dopey. (Int -2) [potion of
                  | mutation]
 19077 | Gauntlet | Gained mutation: You are covered in fur. (AC +1) [potion of
                  | mutation]
 19077 | Gauntlet | Gained mutation: You expend magic power (3 MP) to
                  | strengthen your wands. [potion of mutation]
 19368 | Gauntlet | Identified the +1 whip of True Grit {holy, rPois}
 19370 | Gauntlet | Identified the ring "Zoloych" {rElec rPois Will+ Str+6}
 19428 | Gauntlet | Noticed a minotaur
 19433 | Gauntlet | Killed a minotaur
 19446 | Gauntlet | Identified the +3 war axe of Dithmenos {flame, Drain rCorr
                  | Str+7 Int-5}
 19640 | Lair:3   | Reached XP level 13. HP: 75/86 MP: 25/25
 19998 | Lair:3   | Reached skill level 8 in Fighting
 19998 | Lair:3   | Reached skill level 8 in Long Blades
 19998 | Lair:3   | Reached skill level 8 in Axes
 19998 | Lair:3   | Reached skill level 8 in Maces & Flails
 19998 | Lair:3   | Reached skill level 8 in Polearms
 19998 | Lair:3   | Reached skill level 8 in Staves
 19998 | Lair:3   | Reached skill level 8 in Slings
 19998 | Lair:3   | Reached skill level 8 in Bows
 19998 | Lair:3   | Reached skill level 8 in Crossbows
 19998 | Lair:3   | Reached skill level 8 in Dodging
 19998 | Lair:3   | Reached skill level 8 in Stealth
 19998 | Lair:3   | Reached skill level 8 in Shields
 19998 | Lair:3   | Reached skill level 8 in Unarmed Combat
 20455 | Lair:3   | Found a hole to the Spider Nest.
 21228 | Lair:4   | Reached skill level 9 in Invocations
 21374 | Lair:4   | Identified the +12 long sword "Ushruf" {vorpal, rElec rF+
                  | Str-4}
 21394 | Lair:4   | Noticed Urug
 21438 | Lair:4   | Killed Urug
 22313 | Lair:4   | Reached skill level 7 in Conjurations
 22313 | Lair:4   | Reached skill level 7 in Hexes
 22313 | Lair:4   | Reached skill level 7 in Necromancy
 22313 | Lair:4   | Reached skill level 7 in Translocations
 22313 | Lair:4   | Reached skill level 7 in Transmutations
 22313 | Lair:4   | Reached skill level 9 in Fire Magic
 22313 | Lair:4   | Reached skill level 7 in Ice Magic
 22313 | Lair:4   | Reached skill level 7 in Air Magic
 22313 | Lair:4   | Reached skill level 7 in Earth Magic
 22313 | Lair:4   | Reached skill level 7 in Poison Magic
 22770 | Lair:4   | Reached skill level 9 in Spellcasting
 23188 | Lair:4   | Noticed an ice dragon
 23341 | Lair:4   | Killed an ice dragon
 23812 | Lair:5   | Reached skill level 9 in Armour
 24746 | Lair:5   | Found a staircase to the Slime Pits.
 25170 | Lair:5   | Reached skill level 10 in Short Blades
 25170 | Lair:5   | Reached skill level 10 in Throwing
 25170 | Lair:5   | Reached XP level 14. HP: 95/95 MP: 23/27
 25562 | Lair:6   | Entered Level 6 of the Lair of Beasts
 25855 | Lair:5   | Reached skill level 9 in Fighting
 25855 | Lair:5   | Reached skill level 9 in Long Blades
 25855 | Lair:5   | Reached skill level 9 in Axes
 25855 | Lair:5   | Reached skill level 9 in Maces & Flails
 25855 | Lair:5   | Reached skill level 9 in Polearms
 25855 | Lair:5   | Reached skill level 9 in Staves
 25855 | Lair:5   | Reached skill level 9 in Slings
 25855 | Lair:5   | Reached skill level 9 in Bows
 25855 | Lair:5   | Reached skill level 9 in Crossbows
 25855 | Lair:5   | Reached skill level 9 in Dodging
 25855 | Lair:5   | Reached skill level 9 in Stealth
 25855 | Lair:5   | Reached skill level 9 in Shields
 25855 | Lair:5   | Reached skill level 9 in Unarmed Combat
 27320 | Lair:6   | Reached skill level 10 in Invocations
 28257 | Lair:6   | Got the Grimoire of Displacement and Transformation
 28388 | Lair:6   | Found a runed translucent door.
 28393 | Lair:6   | Noticed Xeshruir's ghost (journeyman GrCK)
 28706 | Orc:1    | Entered Level 1 of the Orcish Mines
 28965 | Orc:1    | Found a frozen archway.
 29144 | IceCv    | Entered an ice cave
 29670 | IceCv    | Reached skill level 10 in Spellcasting
 29782 | IceCv    | Reached skill level 8 in Conjurations
 29782 | IceCv    | Reached skill level 8 in Hexes
 29782 | IceCv    | Reached skill level 8 in Necromancy
 29782 | IceCv    | Reached skill level 8 in Translocations
 29782 | IceCv    | Reached skill level 8 in Transmutations
 29782 | IceCv    | Reached skill level 8 in Ice Magic
 29782 | IceCv    | Reached skill level 8 in Air Magic
 29782 | IceCv    | Reached skill level 8 in Earth Magic
 29782 | IceCv    | Reached skill level 8 in Poison Magic
 29950 | IceCv    | Reached skill level 10 in Armour
 30121 | IceCv    | Identified a +1 leather armour of resistance
 30253 | IceCv    | HP: 7/98 [polar bear (16)]
 30783 | Orc:1    | Learned a level 5 spell: Blade Hands
 30788 | Orc:1    | Learned a level 4 spell: Petrify
 30794 | Orc:1    | Learned a level 5 spell: Manifold Assault
 30843 | Orc:1    | Noticed Josephine
 30876 | Orc:1    | Reached XP level 15. HP: 87/103 MP: 27/29
 30918 | Orc:1    | Killed Josephine
 31490 | Orc:2    | Entered Level 2 of the Orcish Mines
 32090 | Orc:2    | Reached skill level 10 in Fire Magic
 32673 | Orc:2    | Reached skill level 11 in Short Blades
 32673 | Orc:2    | Reached skill level 11 in Throwing
 32730 | Orc:2    | Reached skill level 10 in Fighting
 32730 | Orc:2    | Reached skill level 10 in Long Blades
 32730 | Orc:2    | Reached skill level 10 in Axes
 32730 | Orc:2    | Reached skill level 10 in Maces & Flails
 32730 | Orc:2    | Reached skill level 10 in Polearms
 32730 | Orc:2    | Reached skill level 10 in Staves
 32730 | Orc:2    | Reached skill level 10 in Slings
 32730 | Orc:2    | Reached skill level 10 in Bows
 32730 | Orc:2    | Reached skill level 10 in Crossbows
 32730 | Orc:2    | Reached skill level 10 in Dodging
 32730 | Orc:2    | Reached skill level 10 in Stealth
 32730 | Orc:2    | Reached skill level 10 in Shields
 32730 | Orc:2    | Reached skill level 10 in Unarmed Combat
 32865 | Orc:2    | Found Vunyh's Weapon Emporium.
 32877 | Orc:2    | Found Onnerih's Magic Scroll Shop.
 32879 | Orc:2    | Found Limod's Assorted Antiques.
 32881 | Orc:2    | Found Wobopp's Distillery.
 32962 | Orc:2    | Found Nohemuik's Book Emporium.
 32970 | Orc:2    | Found a staircase to the Elven Halls.
 33334 | Orc:2    | Bought a potion of heal wounds for 75 gold pieces
 33334 | Orc:2    | Bought a potion of cancellation for 120 gold pieces
 34339 | D:12     | Identified +0 acid dragon scales
 34416 | D:12     | Found Biwut's Jewellery Emporium.
 34747 | D:12     | Reached skill level 11 in Invocations
 35673 | D:13     | Found a radiant altar of Vehumet.
 36376 | D:14     | Noticed Azrael
 36453 | D:14     | Killed Azrael
 37150 | D:13     | Cast into level 2 of the Abyss (a wizard)
 37156 | Abyss:2  | Found a corrupted altar of Lugonu.
 37250 | D:13     | Escaped the Abyss
 37501 | D:12     | Bought an amulet of regeneration for 480 gold pieces
 37618 | D:13     | HP: 3/101 [ice dragon/blast of cold (30)]
 37619 | D:13     | Slain by an ice dragon

Vanquished Creatures
  Azrael (D:14)
  A minotaur (Gauntlet)
  Josephine (Orc:1)
  13 hydras
  An ice dragon (Lair:4)
  2 ironbound frosthearts (IceCv)
  3 boulder beetles (D:13)
  2 catoblepae (Lair:6)
  4 centaur warriors (D:13)
  6 two-headed ogres
  4 death yaks
  A deep troll earth mage (D:13)
  A tengu warrior (D:13)
  Urug (Lair:4)
  3 orc high priests (Orc:2)
  2 lindwurms (Lair:6)
  A necromancer (Gauntlet)
  6 orc knights
  A wizard (D:13)
  A deep elf pyromancer (D:13)
  3 ugly things
  2 cyclopes (D:13)
  2 manticores
  15 elephants
  5 orc sorcerers (Orc:2)
  3 black mambas
  An ice statue (IceCv)
  3 torpor snails
  A gargoyle (D:10)
  16 cane toads
  A rime drake (shapeshifter) (D:12)
  7 rime drakes
  8 komodo dragons
  A yaktaur (D:13)
  A tengu conjurer (D:13)
  7 trolls
  2 merfolk (Lair:2)
  11 polar bears
  An ancient zyme (Abyss:2)
  A tyrant leech (Gauntlet)
  7 blink frogs
  A hornet (D:9)
  3 flying skulls (Gauntlet)
  4 shadows
  54 yaks
  6 wyverns
  5 wraiths
  4 fire elementals (D:14)
  4 basilisks
  A redback (Lair:3)
  3 steam dragons
  9 vampire mosquitoes
  Edmund (D:4)
  A warg (Orc:1)
  3 acid dragons
  3 swamp worms (Gauntlet)
  12 water moccasins
  2 hell hounds (D:14)
  A black bear (Lair:5)
  20 orc warriors
  A swamp drake (D:8)
  An ice beast (D:6)
  2 sky beasts
  10 centaurs
  2 necrophages
  10 ogres
  35 wolves
  2 kobold brigands
  12 bullfrogs
  2 gnoll sergeants
  2 scorpions
  2 water moccasin skeletons
  3 wights (D:8)
  4 killer bees (D:8)
  4 electric eels
  4 howler monkeys
  A lava snake (D:14)
  2 centaur zombies
  16 orc priests
  4 hounds
  A gnoll shaman (D:5)
  A bullfrog skeleton (D:6)
  Natasha (D:3)
  3 iguanas
  A scorpion zombie (D:5)
  25 orc wizards
  2 howler monkey zombies (D:5)
  Robin (D:3)
  8 adders
  10 gnolls
  A howler monkey skeleton (D:5)
  A shadow imp (D:5)
  2 ufetubi
  3 worms
  3 dart slugs
  60 orcs
  5 bats
  6 endoplasms
  A giant cockroach (D:1)
  10 goblins
  5 hobgoblins
  7 jackals
  2 quokkas
  6 ball pythons
  6 frilled lizards
  15 kobolds
  5 rats
600 creatures vanquished.

Vanquished Creatures (others)
  A hydra (D:13)
  A death yak (IceCv)
  2 manticores (Lair:6)
  A cane toad (Lair:2)
  2 komodo dragons
  A rime drake (Lair:4)
  4 polar bears
  A troll (D:8)
  A blink frog (Lair:2)
  2 yaks (Lair:1)
  A vampire mosquito (D:13)
  A warg (Orc:1)
  An ogre (Orc:1)
  A bullfrog (Lair:2)
  An orc priest (Orc:2)
  A centaur skeleton (D:7)
  An orc wizard (D:8)
  2 orcs
  2 kobolds (D:9)
  326 foxfires
  29 fungi
  36 plants
  25 withered plants (Gauntlet)
443 creatures vanquished.

Grand Total: 1043 creatures vanquished
